 Dungeon Crawl Stone Soup version 0.17-a0-1409-ge6d9485 (console) character file.

105 Fusha the Ruffian (level 4, -6/39 HPs)
             Began as a Ghoul Chaos Knight on June 22, 2015.
             Was an Initiate of Okawaru.
             Killed by divine providence
             ... invoked by an orc priest
              (12 damage)
             ... on level 3 of the Dungeon.
             The game lasted 00:10:09 (2046 turns).

Fusha the Ruffian (Ghoul Chaos Knight)              Turns: 2046, Time: 00:10:10

Health: -6/39      AC:  8    Str: 16    XL:     4   Next: 81%
Magic:  3/3        EV: 11    Int:  7    God:    Okawaru [......]
Gold:   107        SH:  0    Dex:  8    Spells: 0 memorised, 3 levels left

rFire  . . .     SeeInvis .       - Unarmed
rCold  + . .     Clarity  .     l - +2 ring mail {MR+}
rNeg   + + +     SustAt   .     (no shield)
rPois  ∞         Gourm    .     (no helmet)
rElec  .         Spirit   .     g - +0 cloak
rCorr  .         Warding  .     (no gloves)
rMut   .         Stasis   .     (no boots)
MR     +....                    (no amulet)
Stlth  +.........               (no ring)
                                (no ring)

@: very slightly contaminated, rotting, hasted, very quick, somewhat resistant
to hostile enchantments, very unstealthy
A: rotting body, claws 1, carnivore 3, cold resistance 1, negative energy
resistance 3, slow healing 1, torment resistance, unbreathing
a: Renounce Religion


You were on level 3 of the Dungeon.
You worshipped Okawaru.
Okawaru was noncommittal.
You were not hungry.

You visited 1 branch of the dungeon, and saw 3 of its levels.

You collected 107 gold pieces.

Inventory:

Armour
 a - a +2 leather armour
 g - a +0 cloak (worn)
 h - a +0 chain mail of magic resistance
 l - a +2 ring mail of magic resistance (worn)
Jewellery
 c - an uncursed ring of flight
 j - an uncursed ring of teleportation
Scrolls
 e - a scroll of identify
Comestibles
 b - 4 meat rations
 f - 5 chunks of flesh
 k - a beef jerky
 m - a slice of pizza


   Skills:
 + Level 3.6 Fighting
 * Level 2.5 Armour
 + Level 2.4 Dodging
 + Level 1.2 Stealth
 * Level 4.0 Unarmed Combat


You had 3 spell levels left.
You didn't know any spells.

Dungeon Overview and Level Annotations

Branches:
Dungeon (3/15)

Altars:
Okawaru
Zin
The Shining One


Innate Abilities, Weirdness & Mutations

Your body is rotting away.
You thrive on raw meat.
You are immune to poison.
You have sharp fingernails.
You are carnivorous and can eat meat at any time.
Your flesh is cold resistant.
You are immune to negative energy.
You heal slowly when monsters are visible.
You are immune to unholy pain and torment.
You can survive without breathing.


Message History

The orc priest mumbles some strange prayers to Beogh against you.
Something smites you!
* * * LOW HITPOINT WARNING * * *
The orc hits you with a hand axe.
* * * LOW HITPOINT WARNING * * *
You closely miss the orc.
The orc priest is no longer bleeding.
The orc priest hits you.
* * * LOW HITPOINT WARNING * * *
The orc barely misses you.
You feel less invigorated.
You feel less confused.
The orc priest calls down the wrath of Beogh upon you.
You resist with some effort.
Drink which item? (? for menu, Esc to quit)
You feel yourself speed up. The orc hits you with a hand axe.
* * * LOW HITPOINT WARNING * * *
You are very lightly contaminated with residual magic.
The orc priest invokes the aid of Beogh against you.
Something smites you!
You die...

##..........##....
##....#####.# .#.#
>#....##....# #...
.....#.##.# .#.
###..#.##.#
#.........#
############.##.######
.......#.....##.#
#.....o.@.....#
##..).o...#####
###)###)## ... #...#
..... #...# ######
#...# #...# #...#
#...#


You could see an orc priest and an orc.

Vanquished Creatures
  2 adders
  3 gnolls (D:2)
  An ooze (D:2)
  2 worms (D:3)
  2 giant geckos (D:1)
  4 orcs (D:3)
  2 giant cockroaches
  2 goblins
  8 hobgoblins
  7 bats
  6 giant newts
  3 kobolds
  A quokka (D:1)
  5 rats
48 creatures vanquished.

Notes
Turn   | Place    | Note
--------------------------------------------------------------
     0 | D:1      | Fusha the Ghoul Chaos Knight began the quest for the Orb.
     0 | D:1      | Reached XP level 1. HP: 19/19 MP: 0/0
    54 | D:1      | Reached skill level 1 in Dodging
   175 | D:1      | Reached XP level 2. HP: 26/26 MP: 1/1
   184 | D:1      | Found a glowing golden altar of the Shining One.
   594 | D:1      | XOM: divination: detect creatures
   744 | D:2      | Found an iron altar of Okawaru.
   761 | D:2      | Fell from the grace of Xom
   761 | D:2      | Became a worshipper of Warmaster Okawaru
   782 | D:2      | Reached XP level 3. HP: 29/31 MP: 2/2
  1050 | D:2      | XOM: severe Ice miscast
  1189 | D:2      | XOM: mild Hex miscast
  1221 | D:2      | Reached XP level 4. HP: 24/38 MP: 3/3
  1226 | D:2      | Reached skill level 1 in Stealth
  1338 | D:2      | XOM: mild Trmt miscast
  1597 | D:2      | Found a glowing silver altar of Zin.
  1597 | D:2      | Noticed an angel
  1965 | D:3      | Reached skill level 4 in Unarmed Combat
  2046 | D:3      | Killed from afar by an orc priest

Vault maps used:
D:1:      dpeg_arrival_three_smaller_balls, tso_metal_star
D:2:      okawaru_trees_1, zin_angel
D:3:      nicolae_overflow_hidden_temple, lightli_sewer_entry_pipes, hex_medium

Action                   |  1- 3 |  4- 6 || total
-------------------------+-------+-------++-------
Melee: Unarmed           |   129 |    84 ||   213
  Use: Scroll            |       |     4 ||     4
       Potion            |       |     2 ||     2
  Eat: Chunk             |     7 |     7 ||    14
